 Dungeon Crawl Stone Soup version 0.29-a0-275-g389c0b56f3 (webtiles) character file.

Game seed: 18089207198670250447

871 siradein the Bolt Thrower (level 8, -5/48 HPs)
             Began as a Kobold Hunter on Mar 10, 2022.
             Slain by a black bear (8 damage)
             ... on level 6 of the Dungeon.
             The game lasted 00:13:23 (5610 turns).

siradein the Bolt Thrower (Kobold Hunter)           Turns: 5610, Time: 00:13:24

Health: -5/48      AC:  6    Str: 12    XL:     8   Next: 24%
Magic:  8/8        EV: 21    Int: 12    God:
Gold:   205        SH:  0    Dex: 18    Spells: 7/7 levels left

rFire   . . .      SeeInvis .   a - +1 hand crossbow
rCold   . . .      Faith    .   (no shield)
rNeg    . . .      Spirit   .   u - +1 robe "Uhalujei" {Str+3}
rPois   .          Reflect  .   s - +0 helmet
rElec   .          Harm     .   m - +0 cloak
rCorr   .          Rampage  .   (no gloves)
Will    +....                   i - +0 pair of boots
Stlth   ++++......              (no amulet)
HPRegen 0.16/turn               d - +4 ring of evasion
MPRegen 0.11/turn               o - ring of willpower

@: no status effects
A: small, no large weapons, nightstalker 3
a: no special abilities


You were on level 6 of the Dungeon.
You visited 1 branch of the dungeon, and saw 6 of its levels.

You collected 343 gold pieces.
You spent 138 gold pieces at shops.

Inventory:

Hand Weapons
 a - a +1 hand crossbow (weapon)
Armour
 i - a +0 pair of boots (worn)
 m - a +0 cloak (worn)
 s - a +0 helmet (worn)
 u - the +1 robe "Uhalujei" (worn) {Str+3}
   (You found it on level 5 of the Dungeon)

   Str:       It affects your strength (+3).
Jewellery
 d - a +4 ring of evasion (left hand)
 g - a ring of protection from fire
 o - a ring of willpower (right hand)
 w - the ring of Tosocec {Drain Fly rN++ MP+9}
   (You found it on level 6 of the Dungeon)

   [ring of magical power]

   rN:        It greatly protects you from negative energy.
   MP:        It affects your magic capacity (+9).
   Fly:       It grants you flight.
   Drain:     It drains your maximum health when unequipped.
Scrolls
 c - a scroll of immolation
 h - a scroll of amnesia
 k - 3 scrolls of teleportation
 p - a scroll of blinking
 r - a scroll of noise {unknown}
 t - a scroll of enchant weapon {unknown}
 x - a scroll of vulnerability {unknown}
Potions
 b - a potion of mutation
 e - a potion of might {unknown}
 f - a potion of invisibility {unknown}
 j - a potion of attraction {unknown}
 l - a potion of ambrosia {unknown}
 n - 3 potions of curing
 q - a potion of heal wounds
 v - a potion of lignification {unknown}


   Skills:
 + Level 4.9 Fighting
 + Level 7.6 Crossbows
 + Level 2.1 Armour
 + Level 5.4 Dodging
 + Level 6.0 Stealth


You had 7 spell levels left.
You didn't know any spells.
Your spell library contained the following spells:

 Spells                   Type           Power      Damage    Failure   Level
 Sting                    Tmut/Pois      0%         1d3       32%         1
 Ensorcelled Hibernation  Hex/Ice        0%         N/A       45%         2
 Passwall                 Tmut/Erth      0%         N/A       45%         2
 Poisonous Vapours        Pois/Air       0%         N/A       45%         2
 Swiftness                Air            0%         N/A       69%         3
 Olgreb's Toxic Radiance  Pois           0%         N/A       97%         4


Dungeon Overview and Level Annotations

Branches:
Dungeon (6/15)
 Temple: D:4-7

Altars:
Nemelex Xobeh
Wu Jian

Shops:
D:2 ?!   D:3 (   D:5 [

Annotations:
D:3 Terence


Innate Abilities, Weirdness & Mutations

You are small and have problems with some larger weapons.
You are completely attuned to the shadows.


Message History

Shoot: a) +1 hand crossbow
Press: ? - help, Q - select action Shift-Dir - straight line, f/p - black bear
Aim: a black bear (severely wounded, berserk, 74% to hit)
You shoot a bolt. The bolt closely misses the black bear.
The black bear bites you but does no damage.
The black bear completely misses you.
The black bear claws you but does no damage.
The black bear completely misses you.
The black bear claws you but does no damage.
The black bear completely misses you.
Shoot: a) +1 hand crossbow
Press: ? - help, Q - select action Shift-Dir - straight line, f/p - black bear
Aim: a black bear (severely wounded, berserk, 74% to hit)
You shoot a bolt. The bolt closely misses the black bear.
The black bear bites you.
* * * LOW HITPOINT WARNING * * *
The black bear barely misses you. The black bear misses you. x2
The black bear closely misses you. The black bear misses you.
Shoot: a) +1 hand crossbow
Press: ? - help, Q - select action Shift-Dir - straight line, f/p - black bear
Aim: a black bear (severely wounded, berserk, 74% to hit)
You shoot a bolt. The bolt closely misses the black bear.
The black bear bites you.
* * * LOW HITPOINT WARNING * * *
The black bear completely misses you. x2
Shoot: a) +1 hand crossbow
Press: ? - help, Q - select action Shift-Dir - straight line, f/p - black bear
Aim: a black bear (severely wounded, berserk, 74% to hit)
You shoot a bolt. The bolt barely misses the black bear.
The black bear closely misses you. x2; The black bear misses you.
The black bear bites you.
* * * LOW HITPOINT WARNING * * *
The black bear completely misses you. The black bear misses you.
Shoot: a) +1 hand crossbow
Press: ? - help, Q - select action Shift-Dir - straight line, f/p - black bear
Aim: a black bear (severely wounded, berserk, 74% to hit)
You shoot a bolt. The bolt hits the black bear.
The black bear is almost dead.
The black bear bites you!
You die...

#.#.# #.#.# ###.#.# #
.)....###### #.#
............# #.#
..#.#.### #.# ####.#
..#(#.#####.#########
.....#
..#.#...........@h...
#.<
....#.#####.#########
#.# ..###...........
#.# #.#########>####
#.# #...........#
###############.#
....#########
#...............#
###.#
#.############### #.#
#.# #.# #†#


You could see a black bear (berserk).

Vanquished Creatures
  An ogre (D:5)
  A centaur (D:5)
  2 phantoms (D:5)
  2 scorpions
  3 jellies (D:5)
  Jessica (D:3)
  3 iguanas
  2 orc wizards
  Robin (D:2)
  A gnoll (D:1)
  3 adders
  A shadow imp (D:5)
  A white imp (D:5)
  An ufetubus (D:5)
  4 worms
  4 dart slugs
  6 orcs
  8 endoplasms
  5 giant cockroaches
  19 goblins
  8 hobgoblins
  9 jackals
  4 quokkas
  10 ball pythons
  4 bats
  A frilled lizard (D:1)
  4 kobolds
  8 rats
117 creatures vanquished.

Notes
Turn   | Place    | Note
-------+----------+-------------------------------------------
     0 | D:1      | siradein the Kobold Hunter began the quest for the Orb.
     0 | D:1      | Reached XP level 1. HP: 12/12 MP: 1/1
    49 | D:1      | Reached XP level 2. HP: 7/18 MP: 2/2
   323 | D:1      | Reached XP level 3. HP: 22/22 MP: 3/3
  1054 | D:1      | Reached XP level 4. HP: 27/27 MP: 4/4
  1734 | D:2      | You fall into a shaft and drop 2 floors!
  1841 | D:4      | Reached skill level 6 in Crossbows
  1841 | D:4      | Reached XP level 5. HP: 28/32 MP: 5/5
  2136 | D:3      | Found an ornate altar of the Wu Jian Council.
  2225 | D:2      | Found Cowoi's Distillery.
  2229 | D:2      | Bought a potion of curing for 42 gold pieces
  2229 | D:2      | Bought a potion of heal wounds for 70 gold pieces
  2243 | D:2      | Found a faded altar of an unknown god.
  2250 | D:2      | Noticed Robin
  2570 | D:2      | Killed Robin
  2641 | D:2      | Found Ownom's Magic Scroll Shoppe.
  2646 | D:2      | Bought a scroll of identify for 26 gold pieces
  2875 | D:3      | Found Malig's Weapon Shop.
  2965 | D:3      | Reached XP level 6. HP: 37/37 MP: 6/6
  2982 | D:3      | Noticed Terence
  3094 | D:3      | Noticed Jessica
  3100 | D:3      | Killed Jessica
  3780 | D:5      | Entered Level 5 of the Dungeon
  3833 | D:5      | Reached XP level 7. HP: 13/43 MP: 7/7
  4139 | D:5      | Reached skill level 7 in Crossbows
  4139 | D:5      | Reached skill level 1 in Armour
  4139 | D:5      | Reached skill level 5 in Stealth
  4371 | D:5      | Found Ruaclam's Armour Emporium.
  4400 | D:5      | Identified the +1 robe "Uhalujei" {Str+3}
  4538 | D:5      | Reached skill level 5 in Dodging
  4698 | D:5      | Found a sparkling altar of Nemelex Xobeh.
  4893 | D:5      | Reached XP level 8. HP: 48/48 MP: 8/8
  5220 | D:6      | Identified the ring of Tosocec {Drain Fly rN++ MP+9}
  5610 | D:6      | Slain by a black bear

Illustrated notes

Levels and vault maps discovered:
D:1:      mrwooster_arrival_statue_2, layout_basic,
          chequers_serial_rivers_large_b, nrook_campfire, minivault_14
D:2:      minmay_razor_zed, layout_basic, ebering_ecumenical_altar_ruins,
          serial_shops, shop, nicolae_diamond_shop, uniq_robin
D:3:      layout_basic, overflow_temple_1_default, serial_shops,
          nicolae_shop_advertising_works [nicolae_subvault_shop_adworks],
          hangedman_abyss_or_decor_stabs, uniq_jessica, uniq_terence
D:4:      layout_cave_pools
D:5:      layout_basic, lemuel_round_altar, serial_shops, kennysheep_mini,
          minivault_4, kennysheep_path_1
D:6:      layout_loops_ring

Skill      XL: |  1  2  3  4  5  6  7  8 |
---------------+-------------------------+-----
Stealth        | 2 3 4 5 6 |  6.0
Dodging        | 3 4 5 |  5.4
Fighting       | 3 4 |  4.9
Crossbows      | 6 7 |  7.6
Armour         | 1 2 |  2.1

Action                   |  1- 3 |  4- 6 |  7- 9 || total
-------------------------+-------+-------+-------++-------
 Fire: Hand crossbow     |    81 |   201 |   129 ||   411
  Use: Scroll            |       |     4 |     1 ||     5
Armor: Leather armour    |     4 |    18 |     4 ||    26
       Robe              |       |       |    15 ||    15
Dodge: Dodged            |    32 |    85 |   122 ||   239

Table legend: (Time is in decaauts)
 A = Elapsed time spent in this place.
 B = Non-inter-level travel time spent in this place.
 C = Inter-level travel time spent in this place.
 D = Time resting spent in this place.
 E = Time spent auto-exploring this place.
 F = Levels seen in this place.
 G = Mean time per level.
                   A        B        C        D        E       F      G
               +--------+--------+--------+--------+--------+-----+--------+
         Total |   5749 |   5577 |    172 |    440 |   4170 |   6 |  958.2 |
       Dungeon |   5749 |   5577 |    172 |    440 |   4170 |   6 |  958.2 |
               +--------+--------+--------+--------+--------+-----+--------+

Top non-repeatable levels by time:
     D:1: 1384 daAuts
     D:5: 1238 daAuts
     D:2: 1107 daAuts
     D:4: 890 daAuts
     D:3: 724 daAuts
     D:6: 405 daAuts
